 Dungeon Crawl Stone Soup version 0.29-a0-414-g5075937ec3 (webtiles) character file.

Game seed: 10249183468074580312

392 Hubjo the Magician (level 6, -11/37 HPs)
             Began as a Deep Elf Fire Elementalist on May 13, 2022.
             Mangled by Crazy Yiuf
             ... wielding a +2 quarterstaff of chaos
              (16 damage)
             ... on level 3 of the Dungeon on May 15, 2022.
             The game lasted 00:05:35 (5013 turns).

Hubjo the Magician (Deep Elf Fire Elementalist)     Turns: 5013, Time: 00:05:38

Health: -11/37     AC:  2    Str:  5    XL:     6   Next: 50%
Magic:  11/15      EV: 12    Int: 22    God:
Gold:   238        SH:  0    Dex: 15    Spells: 9/14 levels left

rFire   . . .      SeeInvis .   l - +0 dagger (venom)
rCold   + . .      Faith    .   (no shield)
rNeg    + . .      Spirit   .   a - +0 robe
rPois   .          Reflect  .   k - +0 hat
rElec   .          Harm     .   (no cloak)
rCorr   .          Rampage  .   (no gloves)
Will    .....                   (no boots)
Stlth   +++.......              (no amulet)
HPRegen 0.12/turn               c - ring of protection from cold
MPRegen 0.14/turn               d - ring of positive energy

@: lethally poisoned (-11 -> -29), very slightly contaminated
A: no striking features
a: no special abilities


You were on level 3 of the Dungeon.
You visited 1 branch of the dungeon, and saw 3 of its levels.

You collected 238 gold pieces.

Inventory:

Hand Weapons
 l - a +0 dagger of venom (weapon)
Armour
 a - a +0 robe (worn)
 k - a +0 hat (worn)
Jewellery
 c - a ring of protection from cold (left hand)
 d - a ring of positive energy (right hand)
Scrolls
 f - 2 scrolls of identify {unknown}
 h - a scroll of summoning {unknown}
 n - 2 scrolls of enchant armour {unknown}
 o - 2 scrolls of fog {unknown}
 p - a scroll of fear {unknown}
 q - a scroll of enchant weapon {unknown}
Potions
 b - a potion of magic
 e - a potion of heal wounds {unknown}
 g - a potion of ambrosia {unknown}
 i - a potion of curing {unknown}
 j - a potion of haste
 m - a potion of brilliance {unknown}
 r - a potion of cancellation {unknown}


   Skills:
 + Level 3.1 Fighting
 - Level 2.4 Dodging
 + Level 4.6 Stealth
 + Level 4.9 Spellcasting
 - Level 1.1 Conjurations
 * Level 4.9 Fire Magic


You had 9 spell levels left.
You knew the following spells:

 Your Spells              Type           Power      Damage    Failure   Level
a - Foxfire               Conj/Fire      72%        2x1d7     3%          1
b - Flame Wave            Conj/Fire      18%        2d6       30%         4

Your spell library contained the following spells:

 Spells                   Type           Power      Damage    Failure   Level
 Scorch                   Fire           52%        2d8       1%          2
 Conjure Flame            Conj/Fire      18%        6-21      9%          3
 Inner Flame              Hex/Fire       16%        N/A       11%         3
 Summon Cactus Giant      Summ           2%         N/A       100%        6


Dungeon Overview and Level Annotations

Branches:
Dungeon (3/15)

Altars:
Kikubaaqudgha
Nemelex Xobeh

Annotations:
D:3 Crazy Yiuf


Message History

There is an open door here.
There is an open door here.
There is an open door here.
There is a sparkling altar of Nemelex Xobeh here.
You see here a +0 mace.
You see here a +0 mace.
Could not explore, unopened runed door.
Could not explore, unopened runed door.
No reachable target in view!
You open the door.
Crazy Yiuf shouts!
Crazy Yiuf attacks as you move away!
Crazy Yiuf hits you with a +2 quarterstaff of chaos!
Crazy Yiuf attacks as you move away! Crazy Yiuf barely misses you.
Crazy Yiuf yells, "Race!
Leather tea mumblescurry."
You conjure some foxfire!
Crazy Yiuf yells, "Leather cloud illywillydillykilly!"
Crazy Yiuf barely misses you.
You conjure some foxfire!
The foxfire hits Crazy Yiuf.
Crazy Yiuf is moderately wounded.
The foxfire hits Crazy Yiuf.
Crazy Yiuf is heavily wounded.
Crazy Yiuf says, "Aardvark mobile Xom!"
Crazy Yiuf barely misses you.
You miscast Foxfire.
You are very lightly contaminated with residual magic.
Nothing appears to happen.
The foxfire hits Crazy Yiuf.
Crazy Yiuf is heavily wounded.
Crazy Yiuf hits you with a +2 quarterstaff of chaos!
* * * LOW HITPOINT WARNING * * *
You are lethally poisoned!
You are too injured to fight recklessly!
Casting: Foxfire (safe; 3% risk of failure)
Confirm with . or Enter, or press ? or * to list all spells.
You conjure some foxfire!
* * * LOW HITPOINT WARNING * * *
You feel very sick.
Crazy Yiuf whimpers, "Hah!"
Crazy Yiuf hits you with a +2 quarterstaff of chaos!
You die...

#.####.#.##.##.#........<...##.#.
#....#.#.#..#..#⌠.⌠.##.###..##.#.
######...#.#..#.._..##..#......#.
##.##..#.#.⌠.⌠###......#..#.
#.#..##...).## #..##..#.... ##
#.#.#.#.##...###......#.### .###
#.#.######.)).###.###......
...####.#.# #vv..# #.# #.#.###
##..(.....### #@.).# #.# #..## #
######.....# ##g..# ### #..#
###...# ##.## #..## # #.### ##.#
#...### #.### #.## ###.... #.#.#
##.# ####.#.# #...# #.##
####......# #.#.# #'# #.##.##.###
#...# ... #....##.###


You could see Crazy Yiuf (ally target).

Vanquished Creatures
  Sigmund (D:2)
  A phantom (D:3)
  Jessica (D:2)
  5 adders
  A worm (D:2)
  A dart slug (D:2)
  2 orcs (D:3)
  9 ball pythons
  6 bats
  2 bat zombies (D:3)
  7 endoplasms
  A giant cockroach (D:1)
  9 goblins
  6 hobgoblins
  2 jackals (D:1)
  2 quokkas
  6 frilled lizards
  6 kobolds
  2 rats
  4 rat zombies (D:3)
74 creatures vanquished.

Vanquished Creatures (collateral kills)
  3 foxfires (D:2)
3 creatures vanquished.

Vanquished Creatures (others)
  384 foxfires
384 creatures vanquished.

Grand Total: 461 creatures vanquished

Notes
Turn   | Place    | Note
-------+----------+-------------------------------------------
     0 | D:1      | Hubjo the Deep Elf Fire Elementalist began the quest for
                  | the Orb.
     0 | D:1      | Reached XP level 1. HP: 10/10 MP: 6/6
   358 | D:1      | Reached XP level 2. HP: 13/16 MP: 2/8
   575 | D:1      | Reached skill level 1 in Fighting
  1116 | D:1      | Reached XP level 3. HP: 20/20 MP: 3/9
  1985 | D:2      | Noticed Jessica
  1988 | D:2      | Killed Jessica
  1989 | D:2      | Reached XP level 4. HP: 26/26 MP: 7/11
  2301 | D:2      | Noticed Sigmund
  2318 | D:2      | Killed Sigmund
  2319 | D:2      | Reached XP level 5. HP: 30/32 MP: 5/13
  2839 | D:2      | Reached XP level 6. HP: 36/36 MP: 9/14
  3541 | D:3      | Upgraded the game from 0.29-a0-409-gd843f3a48c to
                  | 0.29-a0-414-g5075937ec3
  3771 | D:3      | Found a sparkling altar of Nemelex Xobeh.
  4051 | D:3      | Found a faded altar of an unknown god.
  4475 | D:3      | Found an ancient bone altar of Kikubaaqudgha.
  4564 | D:3      | Found a runed translucent door.
  4565 | D:3      | Noticed Crazy Yiuf
  4624 | D:3      | Learned a level 4 spell: Flame Wave
  5013 | D:3      | Mangled by Crazy Yiuf

Illustrated notes

Levels and vault maps discovered:
D:1:      matt_arrival_grand_opening, layout_basic, minmay_small_reverse_x
D:2:      layout_basic, kennysheep_another_room, dreamdust_princess_bridge,
          grunt_ministairs_4, minmay_fountain_box, moated_statue, minivault_4,
          uniq_sigmund, uniq_jessica
D:3:      minmay_general_purpose_star, layout_loops_cross,
          lemuel_zombie_altar_kikubaaqudgha, nemelex_xobeh_ov_fountains_minmay,
          hellmonk_ecumenical_altar_slurped_away, uniq_crazy_yiuf_cottage

Skill      XL: |  1  2  3  4  5  6 |
---------------+-------------------+-----
Fighting       | 1 2 3 |  3.1
Stealth        | 3 4 |  4.6
Spellcasting   | 4 |  4.9
Fire Magic     | 4 |  4.9
Dodging        | |  2.4
Conjurations   | |  1.1

Action                   |  1- 3 |  4- 6 || total
-------------------------+-------+-------++-------
Melee: Unarmed           |       |     1 ||     1
 Cast: Foxfire           |   113 |   138 ||   251
Armor: Robe              |     4 |     7 ||    11
Dodge: Dodged            |    11 |    18 ||    29

Table legend: (Time is in decaauts)
 A = Elapsed time spent in this place.
 B = Non-inter-level travel time spent in this place.
 C = Inter-level travel time spent in this place.
 D = Time resting spent in this place.
 E = Time spent auto-exploring this place.
 F = Levels seen in this place.
 G = Mean time per level.
                   A        B        C        D        E       F      G
               +--------+--------+--------+--------+--------+-----+--------+
         Total |   5011 |   4946 |     65 |      0 |   4476 |   3 | 1670.3 |
       Dungeon |   5011 |   4946 |     65 |      0 |   4476 |   3 | 1670.3 |
               +--------+--------+--------+--------+--------+-----+--------+

Top non-repeatable levels by time:
     D:1: 1769 daAuts
     D:3: 1669 daAuts
     D:2: 1572 daAuts
